 Dungeon Crawl Stone Soup version 0.20-a0-760-g49f5558 (webtiles) character file.

404 polly the Skirmisher (level 6, -1/53 HPs)
             Began as a Draconian Berserker on Feb 25, 2017.
             Was a Priest of Trog.
             Slain by polly's ghost (12 damage)
             ... on level 4 of the Dungeon.
             The game lasted 00:04:46 (2530 turns).

polly the Skirmisher (Draconian Berserker)          Turns: 2530, Time: 00:04:47

Health: -1/53      AC:  6    Str: 20    XL:     6   Next: 56%
Magic:  6/6        EV: 11    Int:  7    God:    Trog [***...]
Gold:   191        SH:  8    Dex: 12    Spells: 5/5 levels left

rFire    . . .     SeeInvis .   h - +0 whip (elec)
rCold    . . .     Gourm    .   (armour unavailable)
rNeg     . . .     Faith    .   a - +0 shield
rPois    .         Spirit   .   (helmet restricted)
rElec    .         Reflect  .   (no cloak)
rCorr    .         Harm     .   (no gloves)
MR       .....                  (no boots)
Stlth    +.........             (no amulet)
Regen    0.2/turn               (no ring)
MPRegen  0.1/turn               (no ring)

@: lethally poisoned (-1 -> -5)
A: unfitting armour, cold-blooded, AC +6
a: Berserk, Trog's Hand, Burn Spellbooks, Renounce Religion


You were on level 4 of the Dungeon.
You worshipped Trog.
Trog was most pleased with you.
You were very hungry.

You visited 1 branch of the dungeon, and saw 4 of its levels.

You collected 191 gold pieces.

Inventory:

Hand Weapons
 h - a +0 whip of electrocution (weapon)
Missiles
 f - 5 javelins (quivered)
Armour
 a - a +0 shield (worn)
Scrolls
 c - 2 scrolls of blinking
 e - 4 scrolls of teleportation
 k - 2 scrolls of immolation
 l - 2 scrolls of remove curse
 m - 4 scrolls of magic mapping
 o - a scroll of fog
 p - a scroll of recharging
Potions
 g - a potion of might {unknown}
 j - 4 potions of mutation
 n - a potion of magic {unknown}
Comestibles
 b - 3 bread rations
 q - a meat ration


   Skills:
 + Level 4.5 Fighting
   Level 3.4 Long Blades
 + Level 4.4 Maces & Flails
 + Level 4.0 Dodging
 + Level 0.2 Stealth
 + Level 1.1 Shields


You had 5 spell levels left.
You didn't know any spells.

Dungeon Overview and Level Annotations

Branches:
Dungeon (4/15)
 Temple: D:4-7

Altars:
Yredelemnul

Annotations:
D:4 1 runed door, polly's ghost, novice GrFi


Innate Abilities, Weirdness & Mutations

Your plain brown scales are hard. (AC +6)
You cannot fit into any form of body armour.
You are cold-blooded and may be slowed by cold attacks.


Message History

You are poisoned.
The adder poisons you!
You feel much better.
You feel sick. The adder bites you but does no damage. Polly's ghost hits you!
You block the adder's attack.
You hit the adder.
Your tail-slap misses the adder.
The adder is moderately wounded.
Polly's ghost hits you!
* * * LOW HITPOINT WARNING * * *
You block the adder's attack.
Unknown command.
It was a potion of curing.
You feel better. Polly's ghost hits you!
* * * LOW HITPOINT WARNING * * *
The adder bites you but does no damage.
You hit the adder.
The adder is moderately wounded.
The adder bites you.
* * * LOW HITPOINT WARNING * * *
You are poisoned.
The adder poisons you! Polly's ghost hits you!
You die...

## .. ### . ..# #
# #.# #.### #.#
#.... #S# .....
#@# #####.### #W#
#.# #........ #.#
#.# #.###.### #†#
#.# #.# #.##. #.#
#.# #.# #.##. #.#
#.####.###.... #.#
#.#...........
#.###.............
#.....).##..##.##.


You could see polly's ghost and an adder.

Vanquished Creatures
  Sigmund (D:3)
  A scorpion (D:4)
  A quasit (D:4)
  A centaur skeleton (D:4)
  Robin (D:2)
  3 adders
  An ooze (D:3)
  2 worms
  2 dart slugs (D:1)
  5 leopard geckos
  2 orcs (D:3)
  4 bats
  2 giant cockroaches
  19 goblins
  6 hobgoblins
  6 jackals
  9 kobolds
  3 quokkas
  A ball python (D:1)
  5 frilled lizards
  11 rats
86 creatures vanquished.

Notes
Turn   | Place    | Note
-------+----------+-------------------------------------------
     0 | D:1      | polly the Draconian Berserker began the quest for the Orb.
     0 | D:1      | Reached XP level 1. HP: 19/19 MP: 1/1
   103 | D:1      | Reached XP level 2. HP: 23/26 MP: 2/2
   459 | D:2      | Noticed Robin
   470 | D:2      | Reached XP level 3. HP: 25/33 MP: 3/3
   477 | D:2      | Reached ** piety under Trog
   504 | D:2      | Killed Robin
   749 | D:2      | Reached skill level 1 in Maces & Flails
  1008 | D:2      | Reached XP level 4. HP: 40/40 MP: 4/4
  1754 | D:3      | Noticed Sigmund
  1760 | D:3      | Killed Sigmund
  1760 | D:3      | Reached *** piety under Trog
  1760 | D:3      | Reached XP level 5. HP: 37/47 MP: 5/5
  1841 | D:3      | Found a basalt altar of Yredelemnul.
  1858 | D:3      | Reached XP level 6. HP: 37/53 MP: 6/6
  2197 | D:4      | Reached skill level 1 in Shields
  2223 | D:4      | Noticed polly's ghost (novice GrFi)
  2242 | D:4      | Found a runed door.
  2530 | D:4      | Slain by polly's ghost

Vault maps used:
D:1:      lightli_arrival_statue_moat
D:2:      cheibrodos_helix_gallery, first_bread, uniq_robin
D:3:      yredelemnul_altar_generic, st_stairs_14, kennysheep_path_1,
          uniq_sigmund
D:4:      uniq_crazy_yiuf_cottage

Skill      XL: |  1  2  3  4  5  6 |
---------------+-------------------+-----
Dodging        | 3 4 |  4.0
Maces & Flails | 1 3 4 |  4.4
Fighting       | 4 |  4.5
Shields        | 1 |  1.1
Long Blades    | |  3.4
Stealth        | |  0.2

Action                   |  1- 3 |  4- 6 || total
-------------------------+-------+-------++-------
Melee: Falchion          |    26 |       ||    26
       Tailslap          |    15 |    19 ||    34
       Whip              |   101 |   124 ||   225
  Use: Scroll            |     5 |     3 ||     8
       Potion            |     1 |     2 ||     3
  Eat: Chunk             |       |     4 ||     4
Armor: Skin              |    48 |    31 ||    79
Dodge: Dodged            |   115 |    51 ||   166
Block: Shield            |       |    41 ||    41
       Rpst.: Falchion   |     8 |       ||     8
